Map: Abyssal Reef LE

Players

MooEsqoo

  • Race: Zerg Zerg
  • Spawn Location: 11:00

A.I. 1 (Elite) - Winner!

  • Race: Zerg Zerg
  • Spawn Location: 5:00

A.I. 1 (Elite) - Winner!

  • Race: Zerg Zerg
  • Spawn Location: 5:00

VOD

Have the link to the VOD?

Description

Time

  • Played on: Dec. 20, 2019, 11:51 p.m.
  • Length: 17:22
Show
View Real Time Build Order
Export as new Build Order

MooEsqoo Zerg 

Build Orders: Hatch First 

Get SALT Encoding   

  12  0:03  Drone  
  13  0:17  Overlord  
  13  0:18  Drone  
  14  0:37  Drone x2  
  14  0:40  Drone  
  17  0:54  Drone  
  18  1:01  Hatchery  
  18  1:03  Drone  
  18  1:08  Extractor  
  17  1:12  Drone  
  18  1:24  Drone  
  19  1:33  Overlord  
  19  1:38  Spawning Pool  
  18  1:46  Drone  
  19  2:00  Drone  
  20  2:06  Drone  
  21  2:14  Drone  
  22  2:25  Zergling x4  
  22  2:27  Queen x2  
  28  2:31  Metabolic Boost  
  28  2:33  Drone  
  29  2:41  Drone x2  
  31  2:57  Drone x2  
  33  2:59  Drone  
  33  3:00  Zergling x2  
  35  3:16  Hatchery  
  35  3:19  Drone  
  35  3:20  Drone  
  35  3:22  Overlord  
  34  3:44  Drone  
  34  3:45  Zergling x4, Drone  
  34  3:46  Drone  
  39  3:52  Queen x2  
  39  3:54  Drone  
  44  4:15  Roach Warren  
  43  4:18  Evolution Chamber  
  43  4:20  Evolution Chamber  
  43  4:24  Overlord x2  
  41  4:41  Zergling x2  
  41  4:42  Zergling x4  
  41  4:43  Drone x3  
  47  4:49  Extractor  
  47  4:50  Extractor  
  47  4:52  Lair  
  45  4:58  Extractor  
  44  5:04  Roach  
  44  5:05  Roach x3  
  44  5:06  Roach x3  
  58  5:07  Overlord  
  58  5:08  Roach  
  60  5:19  Drone x2  
  60  5:20  Drone  
  63  5:41  Drone x3  
  63  5:42  Drone x2  
  70  5:43  Roach  
  70  5:44  Roach x2  
  74  5:51  Overlord x3  
  74  6:08  Queen x3  
  81  6:18  Drone x3  
  81  6:21  Drone x2  
  81  6:22  Drone  
  81  6:23  Roach x2  
  90  6:26  Ravager x2  
  90  6:27  Ravager x2  
  90  6:30  Ravager x3  
  90  6:31  Overlord x2  
  97  7:12  Roach x2  
  97  7:13  Roach x3  
  97  7:14  Roach x3  
  113  7:15  Overlord  
  113  7:24  Drone  
  114  7:37  Zerg Ground Armor Level 1  
  114  7:38  Zerg Missile Weapons Level 1  
  114  7:39  Glial Reconstitution  
  114  7:48  Spire  
  114  7:51  Infestation Pit  
  112  7:58  Roach x4  
  120  7:59  Overlord x3  
  120  8:02  Zergling x4  
  122  8:36  Ravager x3  
  122  8:37  Ravager  
  122  8:40  Roach x4  
  134  8:41  Zergling x4  
  134  8:42  Zergling x8  
  140  8:49  Extractor  
  139  8:57  Drone  
  139  8:58  Drone x6  
  99  9:32  Zergling x12  
  99  9:33  Zergling x2  
  97  9:53  Roach x2  
  97  9:54  Roach x4  
  109  10:01  Roach x2  
  109  10:05  Zerg Missile Weapons Level 2  
  109  10:06  Zerg Ground Armor Level 2  
  113  10:19  Roach x2  
  113  10:20  Roach x7  
  113  10:21  Roach x2  
  135  10:22  Zergling x2  
  136  10:30  Extractor, Drone x3  
  138  10:48  Ravager x8  
  146  10:50  Overlord x3  
  146  11:11  Hatchery  
  145  11:20  Roach x2  
  145  11:21  Roach x2  
  145  11:22  Zergling x12  
  145  11:23  Zergling x10  
  164  11:28  Ravager x6  
  164  11:31  Overlord x3  
  170  11:54  Drone x6  
  176  12:05  Zergling x2  
  176  12:06  Zergling x4  
  176  12:07  Zergling x2  
  176  12:08  Zergling x16  
  188  12:33  Zergling x10  
  188  12:34  Zergling x2  
  194  12:53  Zergling x2  
  194  12:54  Zergling x10  
  167  13:13  Swarm Host, Zergling x12  
  150  13:31  Zergling x14  
  150  13:32  Zergling x8  
  156  13:44  Corruptor  
  156  13:45  Corruptor x4  
  152  13:48  Zergling x4  
  152  13:49  Zergling x2  
  152  13:55  Zergling x6  
  122  14:13  Swarm Host, Zergling x6  
  122  14:14  Zergling x2  
  110  14:37  Corruptor  
  110  14:38  Corruptor x4  
  120  14:51  Roach x6  
  120  14:52  Roach x4  
  140  15:02  Roach x2  
  144  15:16  Roach x2  
  144  15:17  Roach x2  
  144  15:18  Roach x6  
  144  15:19  Roach x3  
  144  15:20  Overlord  
  170  15:26  Drone  
  159  15:58  Extractor x2  
  113  16:13  Zergling x8  
  113  16:14  Zergling x14  
  113  16:15  Zergling x4  
  115  16:21  Roach x2  
  115  16:22  Roach x6  
  115  16:23  Roach  
  97  16:41  Roach x6  
  80  16:54  Roach x2  
  80  16:55  Roach x6  
Show
View Real Time Build Order
Export as new Build Order

A.I. 1 (Elite) Zerg - Winner!

Build Orders: Pool First 

Get SALT Encoding   

  12  0:00  Drone  
  13  0:12  Overlord  
  13  0:16  Drone  
  14  0:31  Drone x2  
  16  0:42  Spawning Pool  
  15  0:45  Drone  
  15  0:48  Drone  
  17  1:13  Hatchery, Drone  
  17  1:17  Extractor  
  16  1:19  Extractor  
  16  1:21  Drone  
  16  1:24  Drone  
  17  1:29  Drone  
  18  1:38  Drone  
  19  1:49  Overlord  
  19  1:57  Queen  
  21  2:03  Zergling x2  
  22  2:11  Drone  
  23  2:24  Queen  
  25  2:30  Drone  
  27  2:37  Drone  
  27  2:41  Drone  
  28  2:45  Drone  
  29  2:59  Roach Warren  
  29  3:01  Drone  
  29  3:05  Drone  
  30  3:08  Zergling x2  
  30  3:11  Zergling x2  
  31  3:14  Zergling x2  
  32  3:20  Overlord  
  32  3:24  Drone  
  33  3:28  Drone  
  34  3:41  Roach  
  36  3:42  Roach x2  
  36  3:45  Roach  
  42  3:55  Lair  
  42  4:00  Overlord  
  42  4:04  Overlord  
  42  4:08  Zergling x2  
  43  4:18  Zergling x4, Drone  
  43  4:19  Drone  
  43  4:21  Drone  
  48  4:24  Drone  
  48  4:26  Drone  
  48  4:30  Roach  
  52  4:34  Roach  
  52  4:38  Overlord  
  54  4:46  Drone  
  54  4:48  Drone  
  54  4:50  Drone  
  54  4:52  Drone  
  58  4:56  Infestation Pit, Drone  
  58  4:59  Overlord  
  58  5:05  Hydralisk Den  
  57  5:09  Drone  
  57  5:11  Drone  
  57  5:13  Drone  
  60  5:15  Drone  
  60  5:16  Drone  
  60  5:19  Drone  
  60  5:21  Drone  
  64  5:22  Drone  
  64  5:25  Drone  
  64  5:28  Overlord  
  66  5:30  Drone  
  66  5:33  Drone  
  66  5:34  Drone  
  66  5:35  Hydralisk  
  71  5:36  Hydralisk  
  71  5:39  Hydralisk  
  75  5:45  Hydralisk  
  75  5:46  Overlord  
  75  5:49  Infestor  
  77  5:52  Roach  
  77  5:54  Roach  
  83  6:04  Infestor, Overlord  
  83  6:08  Metabolic Boost  
  83  6:11  Evolution Chamber  
  84  6:19  Evolution Chamber, Hatchery  
  82  6:27  Drone  
  82  6:28  Drone  
  82  6:32  Ravager, Evolution Chamber  
  85  6:33  Drone  
  85  6:36  Roach, Zerg Ground Armor Level 1  
  87  6:43  Extractor  
  87  6:44  Drone  
  87  6:45  Ravager, Zerg Missile Weapons Level 1  
  87  6:46  Extractor  
  87  6:47  Drone  
  88  6:49  Overlord  
  88  6:50  Roach  
  90  6:58  Hydralisk, Zerg Melee Weapons Level 1  
  92  7:06  Drone x3  
  92  7:08  Hydralisk, Overlord, Drone x2  
  98  7:09  Drone  
  100  7:18  Hydralisk  
  100  7:22  Hydralisk  
  102  7:24  Overseer  
  102  7:27  Overlord  
  104  7:31  Roach x3  
  104  7:32  Roach, Drone  
  104  7:33  Drone x4  
  117  7:40  Extractor  
  117  7:42  Drone  
  117  7:43  Drone  
  118  7:45  Roach, Overlord, Drone  
  121  7:52  Drone  
  121  7:54  Drone  
  121  7:56  Infestor, Drone  
  121  7:57  Drone x2  
  128  8:03  Drone  
  129  8:06  Overlord  
  129  8:07  Drone  
  130  8:14  Drone  
  130  8:15  Pathogen Glands  
  130  8:17  Infestor, Drone x2  
  130  8:18  Drone x2  
  137  8:24  Extractor  
  137  8:25  Overlord, Drone x2  
  137  8:26  Drone  
  139  8:29  Drone x2  
  141  8:34  Zerg Ground Armor Level 2  
  141  8:40  Spine Crawler  
  140  8:42  Spine Crawler, Drone  
  140  8:44  Overlord  
  140  8:47  Drone  
  141  8:51  Queen  
  143  8:56  Zerg Melee Weapons Level 2  
  143  9:02  Overlord  
  143  9:11  Spine Crawler  
  143  9:12  Roach, Drone  
  143  9:13  Roach x3  
  143  9:15  Roach x3, Zerg Missile Weapons Level 2  
  154  9:17  Roach  
  154  9:18  Hydralisk  
  154  9:20  Roach, Overlord  
  154  9:22  Roach x2, Hydralisk  
  154  9:24  Zergling x2  
  149  9:25  Hydralisk, Zergling x2  
  149  9:26  Roach  
  149  9:29  Hydralisk  
  134  9:34  Hydralisk x2  
  119  9:43  Infestor  
  118  9:47  Zergling x2  
  118  9:52  Infestor  
  118  9:54  Spore Crawler  
  118  9:56  Hydralisk  
  118  9:59  Hydralisk  
  123  10:00  Hatchery  
  123  10:02  Queen, Spore Crawler  
  123  10:03  Spine Crawler  
  123  10:05  Spine Crawler  
  123  10:06  Drone  
  122  10:07  Hatchery  
  122  10:08  Infestor  
  123  10:18  Infestor  
  125  10:40  Queen  
  127  10:43  Spore Crawler  
  127  10:45  Spore Crawler  
  127  10:47  Spine Crawler  
  127  10:48  Hydralisk  
  126  11:09  Zergling x2  
  126  11:10  Hydralisk, Zergling x2  
  126  11:11  Zergling x2  
  131  11:13  Zergling x2, Drone  
  131  11:14  Drone x3  
  131  11:15  Drone x3  
  131  11:16  Drone x2, Hive  
  131  11:18  Spore Crawler  
  140  11:19  Spine Crawler, Drone  
  140  11:20  Drone  
  140  11:22  Spore Crawler  
  140  11:23  Drone  
  141  11:27  Extractor, Drone  
  141  11:28  Queen  
  143  11:40  Extractor, Drone  
  143  11:54  Spine Crawler  
  143  11:55  Drone  
  143  11:57  Spore Crawler  
  143  11:58  Drone  
  143  12:01  Spine Crawler  
  143  12:02  Drone  
  143  12:03  Spore Crawler  
  143  12:04  Spore Crawler, Drone  
  143  12:06  Spine Crawler, Drone  
  143  12:07  Drone  
  143  12:09  Spore Crawler  
  143  12:10  Drone  
  143  12:15  Roach x3  
  149  12:16  Roach x3  
  149  12:17  Roach x2  
  149  12:19  Baneling Nest  
  149  12:21  Drone  
  159  12:26  Neural Parasite  
  159  12:28  Zerg Ground Armor Level 3  
  159  12:30  Zerg Melee Weapons Level 3  
  159  12:31  Zerg Missile Weapons Level 3  
  159  12:33  Ultralisk Cavern, Drone  
  159  12:35  Infestor, Overseer  
  161  12:38  Overseer  
  161  12:42  Pneumatized Carapace  
  161  12:46  Spine Crawler  
  161  12:48  Drone  
  161  12:49  Infestor, Overlord  
  163  12:58  Viper  
  166  13:00  Viper  
  166  13:03  Queen  
  169  13:07  Infestor  
  169  13:08  Roach x2  
  169  13:10  Roach, Zergling x2  
  169  13:11  Roach  
  169  13:12  Roach  
  163  13:13  Roach, Hatchery, Overlord  
  163  13:14  Roach, Drone  
  163  13:16  Roach  
  163  13:18  Roach  
  158  13:20  Zergling x2, Ultralisk  
  159  13:28  Ultralisk  
  159  13:30  Roach  
  159  13:32  Roach  
  159  13:33  Roach  
  167  13:35  Roach  
  167  13:37  Roach, Zergling x2  
  167  13:39  Roach  
  167  13:41  Roach  
  155  13:42  Hydralisk  
  155  13:44  Hydralisk  
  155  13:46  Hydralisk  
  155  13:48  Hydralisk  
  149  13:51  Roach  
  149  13:53  Roach  
  149  13:54  Roach  
  153  13:56  Roach  
  153  13:57  Zergling x2  
  145  14:03  Ultralisk  
  145  14:06  Zergling x2  
  143  14:11  Ultralisk  
  143  14:12  Infestor  
  143  14:14  Infestor  
  145  14:20  Infestor  
  147  14:28  Infestor  
  147  14:30  Spine Crawler  
  148  14:32  Drone  
  148  14:33  Spine Crawler  
  148  14:34  Hatchery, Drone  
  148  14:35  Drone  
  149  14:45  Queen  
  149  14:49  Roach  
  153  14:56  Ultralisk  
  159  15:04  Ultralisk  
  159  15:05  Overseer  
  165  15:09  Glial Reconstitution  
  165  15:11  Hydralisk, Roach x2  
  165  15:12  Roach  
  165  15:13  Spore Crawler, Chitinous Plating  
  172  15:15  Overlord  
  172  15:16  Drone  
  172  15:17  Overseer, Spore Crawler  
  172  15:18  Drone  
  172  15:20  Roach  
  175  15:22  Roach  
  175  15:24  Roach  
  175  15:25  Spine Crawler, Roach  
  175  15:26  Drone  
  183  15:28  Roach, Spore Crawler  
  183  15:30  Roach  
  183  15:31  Drone  
  183  15:33  Roach  
  183  15:34  Hydralisk  
  189  15:37  Overlord  
  189  15:39  Hydralisk  
  189  15:41  Hydralisk  
  193  15:45  Burrow  
  193  15:46  Infestor  
  193  15:48  Infestor  
  197  15:53  Zergling x4  
  197  15:55  Viper  
  197  16:00  Queen  
  197  16:01  Overseer  
  197  16:03  Overlord  
  174  16:05  Roach, Overseer  
  174  16:07  Roach x2  
  174  16:10  Roach  
  154  16:19  Extractor  
  154  16:20  Drone  
  154  16:21  Overseer  
  154  16:22  Extractor  
  154  16:23  Drone  
  148  16:26  Overlord  
  148  16:27  Extractor, Ultralisk, Drone  
  148  16:28  Extractor  
  148  16:30  Drone  
  154  16:36  Spine Crawler  
  154  16:37  Drone  
  154  16:40  Spine Crawler  
  154  16:42  Drone  
  154  16:43  Ultralisk  
  154  16:44  Overlord  
  160  16:52  Spore Crawler  
  157  16:54  Drone  
  172  17:17  Spore Crawler  
  172  17:19  Spore Crawler  
  172  17:21  Spore Crawler  
Show
View Real Time Build Order
Export as new Build Order

A.I. 1 (Elite) Zerg - Winner!

Build Orders: Pool First 

Get SALT Encoding   

  12  0:00  Drone  
  13  0:12  Overlord  
  13  0:16  Drone  
  14  0:31  Drone x2  
  16  0:42  Spawning Pool  
  15  0:45  Drone  
  15  0:48  Drone  
  17  1:13  Hatchery, Drone  
  17  1:17  Extractor  
  16  1:19  Extractor  
  16  1:21  Drone  
  16  1:24  Drone  
  17  1:29  Drone  
  18  1:38  Drone  
  19  1:49  Overlord  
  19  1:57  Queen  
  21  2:03  Zergling x2  
  22  2:11  Drone  
  23  2:24  Queen  
  25  2:30  Drone  
  27  2:37  Drone  
  27  2:41  Drone  
  28  2:45  Drone  
  29  2:59  Roach Warren  
  29  3:01  Drone  
  29  3:05  Drone  
  30  3:08  Zergling x2  
  30  3:11  Zergling x2  
  31  3:14  Zergling x2  
  32  3:20  Overlord  
  32  3:24  Drone  
  33  3:28  Drone  
  34  3:41  Roach  
  36  3:42  Roach x2  
  36  3:45  Roach  
  42  3:55  Lair  
  42  4:00  Overlord  
  42  4:04  Overlord  
  42  4:08  Zergling x2  
  43  4:18  Zergling x4, Drone  
  43  4:19  Drone  
  43  4:21  Drone  
  48  4:24  Drone  
  48  4:26  Drone  
  48  4:30  Roach  
  52  4:34  Roach  
  52  4:38  Overlord  
  54  4:46  Drone  
  54  4:48  Drone  
  54  4:50  Drone  
  54  4:52  Drone  
  58  4:56  Infestation Pit, Drone  
  58  4:59  Overlord  
  58  5:05  Hydralisk Den  
  57  5:09  Drone  
  57  5:11  Drone  
  57  5:13  Drone  
  60  5:15  Drone  
  60  5:16  Drone  
  60  5:19  Drone  
  60  5:21  Drone  
  64  5:22  Drone  
  64  5:25  Drone  
  64  5:28  Overlord  
  66  5:30  Drone  
  66  5:33  Drone  
  66  5:34  Drone  
  66  5:35  Hydralisk  
  71  5:36  Hydralisk  
  71  5:39  Hydralisk  
  75  5:45  Hydralisk  
  75  5:46  Overlord  
  75  5:49  Infestor  
  77  5:52  Roach  
  77  5:54  Roach  
  83  6:04  Infestor, Overlord  
  83  6:08  Metabolic Boost  
  83  6:11  Evolution Chamber  
  84  6:19  Evolution Chamber, Hatchery  
  82  6:27  Drone  
  82  6:28  Drone  
  82  6:32  Ravager, Evolution Chamber  
  85  6:33  Drone  
  85  6:36  Roach, Zerg Ground Armor Level 1  
  87  6:43  Extractor  
  87  6:44  Drone  
  87  6:45  Ravager, Zerg Missile Weapons Level 1  
  87  6:46  Extractor  
  87  6:47  Drone  
  88  6:49  Overlord  
  88  6:50  Roach  
  90  6:58  Hydralisk, Zerg Melee Weapons Level 1  
  92  7:06  Drone x3  
  92  7:08  Hydralisk, Overlord, Drone x2  
  98  7:09  Drone  
  100  7:18  Hydralisk  
  100  7:22  Hydralisk  
  102  7:24  Overseer  
  102  7:27  Overlord  
  104  7:31  Roach x3  
  104  7:32  Roach, Drone  
  104  7:33  Drone x4  
  117  7:40  Extractor  
  117  7:42  Drone  
  117  7:43  Drone  
  118  7:45  Roach, Overlord, Drone  
  121  7:52  Drone  
  121  7:54  Drone  
  121  7:56  Infestor, Drone  
  121  7:57  Drone x2  
  128  8:03  Drone  
  129  8:06  Overlord  
  129  8:07  Drone  
  130  8:14  Drone  
  130  8:15  Pathogen Glands  
  130  8:17  Infestor, Drone x2  
  130  8:18  Drone x2  
  137  8:24  Extractor  
  137  8:25  Overlord, Drone x2  
  137  8:26  Drone  
  139  8:29  Drone x2  
  141  8:34  Zerg Ground Armor Level 2  
  141  8:40  Spine Crawler  
  140  8:42  Spine Crawler, Drone  
  140  8:44  Overlord  
  140  8:47  Drone  
  141  8:51  Queen  
  143  8:56  Zerg Melee Weapons Level 2  
  143  9:02  Overlord  
  143  9:11  Spine Crawler  
  143  9:12  Roach, Drone  
  143  9:13  Roach x3  
  143  9:15  Roach x3, Zerg Missile Weapons Level 2  
  154  9:17  Roach  
  154  9:18  Hydralisk  
  154  9:20  Roach, Overlord  
  154  9:22  Roach x2, Hydralisk  
  154  9:24  Zergling x2  
  149  9:25  Hydralisk, Zergling x2  
  149  9:26  Roach  
  149  9:29  Hydralisk  
  134  9:34  Hydralisk x2  
  119  9:43  Infestor  
  118  9:47  Zergling x2  
  118  9:52  Infestor  
  118  9:54  Spore Crawler  
  118  9:56  Hydralisk  
  118  9:59  Hydralisk  
  123  10:00  Hatchery  
  123  10:02  Queen, Spore Crawler  
  123  10:03  Spine Crawler  
  123  10:05  Spine Crawler  
  123  10:06  Drone  
  122  10:07  Hatchery  
  122  10:08  Infestor  
  123  10:18  Infestor  
  125  10:40  Queen  
  127  10:43  Spore Crawler  
  127  10:45  Spore Crawler  
  127  10:47  Spine Crawler  
  127  10:48  Hydralisk  
  126  11:09  Zergling x2  
  126  11:10  Hydralisk, Zergling x2  
  126  11:11  Zergling x2  
  131  11:13  Zergling x2, Drone  
  131  11:14  Drone x3  
  131  11:15  Drone x3  
  131  11:16  Drone x2, Hive  
  131  11:18  Spore Crawler  
  140  11:19  Spine Crawler, Drone  
  140  11:20  Drone  
  140  11:22  Spore Crawler  
  140  11:23  Drone  
  141  11:27  Extractor, Drone  
  141  11:28  Queen  
  143  11:40  Extractor, Drone  
  143  11:54  Spine Crawler  
  143  11:55  Drone  
  143  11:57  Spore Crawler  
  143  11:58  Drone  
  143  12:01  Spine Crawler  
  143  12:02  Drone  
  143  12:03  Spore Crawler  
  143  12:04  Spore Crawler, Drone  
  143  12:06  Spine Crawler, Drone  
  143  12:07  Drone  
  143  12:09  Spore Crawler  
  143  12:10  Drone  
  143  12:15  Roach x3  
  149  12:16  Roach x3  
  149  12:17  Roach x2  
  149  12:19  Baneling Nest  
  149  12:21  Drone  
  159  12:26  Neural Parasite  
  159  12:28  Zerg Ground Armor Level 3  
  159  12:30  Zerg Melee Weapons Level 3  
  159  12:31  Zerg Missile Weapons Level 3  
  159  12:33  Ultralisk Cavern, Drone  
  159  12:35  Infestor, Overseer  
  161  12:38  Overseer  
  161  12:42  Pneumatized Carapace  
  161  12:46  Spine Crawler  
  161  12:48  Drone  
  161  12:49  Infestor, Overlord  
  163  12:58  Viper  
  166  13:00  Viper  
  166  13:03  Queen  
  169  13:07  Infestor  
  169  13:08  Roach x2  
  169  13:10  Roach, Zergling x2  
  169  13:11  Roach  
  169  13:12  Roach  
  163  13:13  Roach, Hatchery, Overlord  
  163  13:14  Roach, Drone  
  163  13:16  Roach  
  163  13:18  Roach  
  158  13:20  Zergling x2, Ultralisk  
  159  13:28  Ultralisk  
  159  13:30  Roach  
  159  13:32  Roach  
  159  13:33  Roach  
  167  13:35  Roach  
  167  13:37  Roach, Zergling x2  
  167  13:39  Roach  
  167  13:41  Roach  
  155  13:42  Hydralisk  
  155  13:44  Hydralisk  
  155  13:46  Hydralisk  
  155  13:48  Hydralisk  
  149  13:51  Roach  
  149  13:53  Roach  
  149  13:54  Roach  
  153  13:56  Roach  
  153  13:57  Zergling x2  
  145  14:03  Ultralisk  
  145  14:06  Zergling x2  
  143  14:11  Ultralisk  
  143  14:12  Infestor  
  143  14:14  Infestor  
  145  14:20  Infestor  
  147  14:28  Infestor  
  147  14:30  Spine Crawler  
  148  14:32  Drone  
  148  14:33  Spine Crawler  
  148  14:34  Hatchery, Drone  
  148  14:35  Drone  
  149  14:45  Queen  
  149  14:49  Roach  
  153  14:56  Ultralisk  
  159  15:04  Ultralisk  
  159  15:05  Overseer  
  165  15:09  Glial Reconstitution  
  165  15:11  Hydralisk, Roach x2  
  165  15:12  Roach  
  165  15:13  Spore Crawler, Chitinous Plating  
  172  15:15  Overlord  
  172  15:16  Drone  
  172  15:17  Overseer, Spore Crawler  
  172  15:18  Drone  
  172  15:20  Roach  
  175  15:22  Roach  
  175  15:24  Roach  
  175  15:25  Spine Crawler, Roach  
  175  15:26  Drone  
  183  15:28  Roach, Spore Crawler  
  183  15:30  Roach  
  183  15:31  Drone  
  183  15:33  Roach  
  183  15:34  Hydralisk  
  189  15:37  Overlord  
  189  15:39  Hydralisk  
  189  15:41  Hydralisk  
  193  15:45  Burrow  
  193  15:46  Infestor  
  193  15:48  Infestor  
  197  15:53  Zergling x4  
  197  15:55  Viper  
  197  16:00  Queen  
  197  16:01  Overseer  
  197  16:03  Overlord  
  174  16:05  Roach, Overseer  
  174  16:07  Roach x2  
  174  16:10  Roach  
  154  16:19  Extractor  
  154  16:20  Drone  
  154  16:21  Overseer  
  154  16:22  Extractor  
  154  16:23  Drone  
  148  16:26  Overlord  
  148  16:27  Extractor, Ultralisk, Drone  
  148  16:28  Extractor  
  148  16:30  Drone  
  154  16:36  Spine Crawler  
  154  16:37  Drone  
  154  16:40  Spine Crawler  
  154  16:42  Drone  
  154  16:43  Ultralisk  
  154  16:44  Overlord  
  160  16:52  Spore Crawler  
  157  16:54  Drone  
  172  17:17  Spore Crawler  
  172  17:19  Spore Crawler  
  172  17:21  Spore Crawler  
Tags
 
Add a new tag
Caveats
  • Supply blocks, unpowered buildings, or Contaminate may cause inaccurate times.
  • Supply counts are checked every 10 seconds.